 Dungeon Crawl Stone Soup version 0.17.1-1-g73c8601 (webtiles) character file.

233 Peloso the Covered (level 5, -3/47 HPs)
             Began as a Minotaur Fighter on Dec 12, 2015.
             Killed by divine providence
             ... invoked by an orc priest
              (10 damage)
             ... on level 3 of the Dungeon.
             The game lasted 00:06:36 (2162 turns).

Peloso the Covered (Minotaur Fighter)               Turns: 2162, Time: 00:06:36

Health: -3/47      AC:  7    Str: 20    XL:     5   Next: 75%
Magic:  4/4        EV:  8    Int:  5    God:
Gold:   135        SH: 10    Dex: 11    Spells: 0 memorised, 4 levels left

rFire  . . .     SeeInvis .     a - +1 long sword
rCold  . . .     Clarity  .     b - +0 scale mail
rNeg   . . .     SustAt   .     c - +0 shield
rPois  +         Gourm    .     (helmet restricted)
rElec  .         Spirit   .     (no cloak)
rCorr  .         Warding  .     (no gloves)
rMut   .         Stasis   .     (no boots)
MR     .....                    o - amulet of inaccuracy (curse)
Stlth  ..........               (no ring)
                                l - ring of poison resistance

@: not resistant to hostile enchantments, extremely unstealthy
A: retaliatory headbutt, horns 2
a: no special abilities


You were on level 3 of the Dungeon.
You were not hungry.

You visited 1 branch of the dungeon, and saw 3 of its levels.

You collected 135 gold pieces.

Inventory:

Hand Weapons
 a - a +1 long sword (weapon)
 j - a +0 mace
Armour
 b - a +0 scale mail (worn)
 c - a +0 shield (worn)
Jewellery
 l - a ring of poison resistance (left hand)
 n - an uncursed amulet of guardian spirit {unknown}
 o - a cursed amulet of inaccuracy (around neck)
Scrolls
 f - a scroll of identify
 i - a scroll of fear {unknown}
 q - 2 scrolls of enchant weapon
Potions
 d - 2 potions of might
 k - a potion of poison {unknown}
 m - a potion of brilliance {unknown}
Comestibles
 e - 3 bread rations
 h - a meat ration
 p - a slice of pizza


   Skills:
 + Level 4.3 Fighting
 + Level 2.9 Long Blades
 + Level 1.3 Maces & Flails
 + Level 5.0 Armour
 + Level 2.5 Dodging
 + Level 0.5 Stealth
 + Level 5.0 Shields


You had 4 spell levels left.
You didn't know any spells.

Dungeon Overview and Level Annotations

Branches:
Dungeon (3/15)

Altars:
Fedhas


Innate Abilities, Weirdness & Mutations

You reflexively headbutt those who attack you in melee.
You have a pair of horns on your head.


Message History

Something smites you!
* * * LOW HITPOINT WARNING * * *
You hit the orc.
The orc is heavily wounded.
The orc hits you.
* * * LOW HITPOINT WARNING * * *
You closely miss the orc.
The orc is heavily wounded.
You block the orc's attack.
Your shield and scale mail prevent you from hitting the orc.
The orc priest casts a cantrip, but nothing happens.
You block the orc's attack.
You slash the orc!
You kill the orc!
You hit the orc. You headbutt the orc, but do no damage.
The orc is heavily wounded.
You block the orc's attack.
The orc priest calls down the wrath of Beogh upon you.
Something smites you!
You die...

####.###################
.......................#
########################
###### .....# ####.#*#######*
#.#,.......* #.#,......o####
###*****#.o'o@# #..##o#
******#..*#.#
******,*,,..##*#.#
,,**,,*,,....###.############
,,,,***#....................#
,,*** ##.....##.##########.#
*** ####..##.# #.#** #..##.#
#######.#,*


You could see an orc priest and 3 orcs.

Vanquished Creatures
  The ghost of Lysie the Ducker, an amateur SpEn (D:3)
  4 gnolls (D:3)
  2 adders
  2 worms
  A giant gecko (D:2)
  7 orcs (D:3)
  2 ball pythons
  2 bats
  4 giant cockroaches
  6 goblins
  8 hobgoblins
  8 jackals
  A quokka (D:3)
  3 giant newts
  6 kobolds
  7 rats
64 creatures vanquished.

Notes
Turn   | Place    | Note
--------------------------------------------------------------
     0 | D:1      | Peloso the Minotaur Fighter began the quest for the Orb.
     0 | D:1      | Reached XP level 1. HP: 19/19 MP: 0/0
   197 | D:1      | Reached XP level 2. HP: 27/27 MP: 1/1
   466 | D:1      | Reached skill level 4 in Armour
   791 | D:2      | Found a blossoming altar of Fedhas.
  1092 | D:2      | Reached XP level 3. HP: 33/33 MP: 2/2
  1190 | D:2      | Reached skill level 1 in Dodging
  1538 | D:3      | Noticed Lysie's ghost (amateur SpEn)
  1554 | D:3      | Killed Lysie's ghost
  1554 | D:3      | Reached skill level 1 in Maces & Flails
  1554 | D:3      | Reached XP level 4. HP: 27/40 MP: 3/3
  1554 | D:3      | Reached XP level 5. HP: 31/46 MP: 4/4
  1838 | D:3      | Reached skill level 5 in Armour
  1853 | D:3      | Reached skill level 5 in Shields
  2162 | D:3      | Killed from afar by an orc priest

Action                   |  1- 3 |  4- 6 || total
-------------------------+-------+-------++-------
Melee: Long sword        |    68 |    68 ||   136
       Mace              |    30 |       ||    30
  Use: Potion            |     1 |       ||     1
       Scroll            |     5 |     2 ||     7
  Eat: Chunk             |     2 |     2 ||     4
